 Dungeon Crawl Stone Soup version 0.28.0-45-g0d030f2227 (webtiles) character file.

Game seed: 1934664080029348850

56 croobank the Shield-Bearer (level 3, -2/33 HPs)
             Began as a Minotaur Fighter on Apr 2, 2022.
             Killed from afar by Sigmund (7 damage)
             ... with a puff of flame
             ... on level 3 of the Dungeon.
             The game lasted 00:04:40 (1729 turns).

croobank the Shield-Bearer (Minotaur Fighter)       Turns: 1729, Time: 00:04:41

Health: -2/33      AC: 11    Str: 22    XL:     3   Next: 71%
Magic:  0/2        EV:  7    Int:  5    God:
Gold:   57         SH:  4    Dex:  9    Spells: 2/2 levels left

rFire   . . .      SeeInvis .   a - +0 war axe
rCold   . . .      Faith    .   c - +0 buckler
rNeg    . . .      Spirit   +   v - +0 chain mail
rPois   +          Reflect  .   (helmet restricted)
rElec   .          Harm     .   (no cloak)
rCorr   .          Rampage  .   o - +1 pair of gloves
Will    .....                   (no boots)
Stlth   ..........              h - amulet of guardian spirit
HPRegen 0.11/turn               f - ring of poison resistance
MPRegen 0.08/turn               (no ring)

@: mighty
A: horns 2, retaliatory headbutt
a: no special abilities


You were on level 3 of the Dungeon.
You visited 1 branch of the dungeon, and saw 3 of its levels.

You collected 57 gold pieces.

Inventory:

Hand Weapons
 a - a +0 war axe (weapon)
 b - a +0 hunting sling
Missiles
 e - 33 bolts
 j - 6 poisoned darts (quivered)
 m - 8 stones
 t - 8 sling bullets
 u - 53 arrows
Armour
 c - a +0 buckler (worn)
 k - a +0 plate armour
 o - a +1 pair of gloves (worn)
 v - a +0 chain mail (worn)
Jewellery
 f - a ring of poison resistance (left hand)
 h - an amulet of guardian spirit (around neck)
Scrolls
 l - 2 scrolls of blinking {unknown}
 n - a scroll of summoning {unknown}
 s - a scroll of silence {unknown}
Potions
 g - a potion of haste
 p - a potion of brilliance {unknown}
 q - a potion of invisibility {unknown}
 r - a potion of curing {unknown}


   Skills:
 + Level 4.2 Fighting
 + Level 3.2 Axes
 + Level 4.2 Armour
 + Level 4.3 Shields


You had 2 spell levels left.
You didn't know any spells.
Your spell library contained the following spells:

 Spells                   Type           Power      Damage    Failure   Level
 Sting                    Tmut/Pois      0%         1d3       99%         1
 Poisonous Vapours        Pois/Air       0%         N/A       100%        2
 Olgreb's Toxic Radiance  Pois           0%         N/A       100%        4


Dungeon Overview and Level Annotations

Branches:
Dungeon (3/15)

Altars:

Annotations:
D:3 3 runed translucent doors, Sigmund; zeratav's ghost, amateur SpEn


Innate Abilities, Weirdness & Mutations

You have a pair of horns on your head.
You reflexively headbutt those who attack you in melee.


Message History

A magic dart appears from out of thin air!
The magic dart hits you.
You closely miss something. Your headbutt misses something.
Something hits you but does no damage.
You barely miss something. Something hits you but does no damage.
You closely miss something. Your headbutt misses something. Something hits you.
You miss something.
You hear some strange, mumbled words.
A magic dart appears from out of thin air!
The magic dart hits you.
You hit something. Your headbutt misses something. Something hits you.
You miss something. Your headbutt misses something.
Something hits you but does no damage.
You barely miss something. Your headbutt misses something.
Something hits you but does no damage.
You slash something! Something hits you.
You barely miss something. Something hits you but does no damage.
You hit something. Something hits you but does no damage.
You feel much better.
You miss something. Something hits you!
You barely miss something. Something hits you.
You miss something. Something hits you but does no damage.
You barely miss something.
You hear some strange, mumbled words.
You are confused.
You barely miss something. Something hits you.
You barely miss something. Something hits you.
You bump into the rock wall.
Something hits you!
* * * LOW HITPOINT WARNING * * *
You feel very mighty all of a sudden.
You closely miss something.
You feel less confused. Something hits you but does no damage.
You closely miss something. Your headbutt misses something.
Something hits you but does no damage.
You barely miss something. Your headbutt misses something.
You hear some strange, mumbled words.
A puff of flame appears from out of thin air!
The puff of flame hits you!
You die...

.#..# .#..# #.#
.#..# #.#
.#..#####.# #.#
.+...<....# #.#
.+...####.# #.#
.+..#####.##. #.#
.#........... #{#
.#...####.### #@#
o#...####.#### #.#
o#...........###.#
o#...####.##.....#
##8....##.##.#####
..........##.#
..........##.#
#..###.#####.#
#..##...####.#


There were no monsters in sight!

Vanquished Creatures
  An adder (D:2)
  A worm (D:2)
  A dart slug (D:1)
  5 endoplasms
  A giant cockroach (D:2)
  2 goblins (D:1)
  3 hobgoblins
  2 quokkas (D:2)
  5 ball pythons
  9 bats
  4 frilled lizards
  3 kobolds
  6 rats
43 creatures vanquished.

Notes
Turn   | Place    | Note
-------+----------+-------------------------------------------
     0 | D:1      | croobank the Minotaur Fighter began the quest for the Orb.
     0 | D:1      | Reached XP level 1. HP: 19/19 MP: 0/0
   137 | D:1      | Reached XP level 2. HP: 27/27 MP: 1/1
   798 | D:2      | Reached XP level 3. HP: 24/33 MP: 2/2
  1519 | D:3      | Noticed zeratav's ghost (amateur SpEn)
  1519 | D:3      | Found a runed translucent gate.
  1519 | D:3      | Found a runed translucent gate.
  1519 | D:3      | Found a runed translucent gate.
  1651 | D:3      | Found a faded altar of an unknown god.
  1697 | D:3      | Noticed Sigmund
  1729 | D:3      | Killed from afar by Sigmund

Illustrated notes

Levels and vault maps discovered:
D:1:      minmay_arrival_arboretum_small, layout_rooms, minmay_crystal_water
D:2:      layout_basic
D:3:      layout_loops_ring, biasface_ghost_orc_armoury,
          hellmonk_ecumenical_altar_lost_god, minmay_cut_off, uniq_grinder,
          uniq_sigmund

Skill      XL: |  1  2 |
---------------+-------+-----
Armour         | 4 |  4.2
Fighting       | 4 |  4.2
Shields        | 4 |  4.3
Axes           | 3 |  3.2

Action                   || total
-------------------------++-------
Melee: War axe           ||   107
       Headbutt          ||     8
  Use: Scroll            ||     2
       Potion            ||     3
Armor: Scale mail        ||    47
       Chain mail        ||    17
Dodge: Dodged            ||    52
Block: Buckler           ||    24
